 Dungeon Crawl Stone Soup version 0.26-a0-1021-gda264ca44c (webtiles) character file.

Game seed: 11469997586670778266

15651 sahdkjhfkaj the Frost Mage (level 12, 0/102 HPs)
             Began as a White Draconian Ice Elementalist on Dec 9, 2020.
             Was a Priest of Zin.
             Slain by an elephant (14 damage)
             ... on level 1 of the Lair of Beasts.
             The game lasted 00:31:03 (14877 turns).

sahdkjhfkaj the Frost Mage (DrIE)                  Turns: 14877, Time: 00:31:03

Health: 0/102      AC: 10    Str: 10    XL:     12   Next: 3%
Magic:  1/24       EV: 18    Int: 19    God:    Zin [***...]
Gold:   690        SH:  5    Dex: 14    Spells: 6/27 levels left

rFire    + . .     SeeInvis .   a - +2 whip (venom)
rCold    + + .     Faith    .   w - +0 buckler
rNeg     . . .     Spirit   .   (armour unavailable)
rPois    .         Reflect  .   (helmet restricted)
rElec    .         Harm     .   N - scarf {rC+ rF+}
rCorr    .         Rampage  .   n - +1 pair of gloves
Will     +....                  (no boots)
Stlth    ++........             s - amulet of regeneration
HPRegen  0.67/turn              M - ring "Ificoli" {Will+ EV+4}
MPRegen  0.19/turn              l - ring of wizardry

@: no potions
A: breathe frost, unfitting armour, cold resistance 1, cold-blooded, AC +8
a: Breathe Frost, Recite, Vitalisation, Imprison, Donate Gold, Renounce Religion


You were on level 1 of the Lair of Beasts.
You worshipped Zin.
Zin was most pleased with you.
You visited 3 branches of the dungeon, and saw 12 of its levels.
You also visited: Bailey and Gauntlet.

You collected 766 gold pieces.
You donated 76 gold pieces to Zin.

Inventory:

Hand Weapons
 a - a +2 whip of venom (weapon)
Armour
 n - a +1 pair of gloves (worn)
 w - a +0 buckler (worn)
 N - a scarf of resistance (worn)
Magical Staves
 b - an uncursed staff of cold
Jewellery
 i - an uncursed ring of magical power
 k - an uncursed amulet of the acrobat
 l - a ring of wizardry (right hand)
 s - an amulet of regeneration (around neck)
 E - an uncursed ring of fire
 K - a +4 ring of protection
 M - the ring "Ificoli" (left hand) {Will+ EV+4}
   (You found it in a Gauntlet)

   [ring of evasion]

   It affects your evasion (+4).
   It affects your willpower, your defense against some magical effects.
Wands
 p - a wand of iceblast (29)
 y - a wand of digging (6)
 G - a wand of enslavement (13)
 I - a wand of disintegration (21)
 J - a wand of flame (14)
Scrolls
 d - 6 scrolls of teleportation
 e - 6 scrolls of remove curse
 f - 4 scrolls of immolation
 j - a scroll of identify
 m - 3 scrolls of enchant weapon
 q - 2 scrolls of fear
 v - 2 scrolls of magic mapping
 x - 2 scrolls of enchant armour
 C - 6 scrolls of amnesia
 L - 2 scrolls of silence
Potions
 c - 2 potions of haste
 g - 3 potions of curing
 h - 3 potions of flight
 t - a potion of resistance
 u - a potion of might
 D - a potion of cancellation
 F - 4 potions of ambrosia {unknown}


   Skills:
 - Level 8.2 Fighting
 - Level 2.0 Maces & Flails
 - Level 4.1 Dodging
 - Level 2.0 Stealth
 - Level 4.0 Shields
 - Level 8.1 Spellcasting
 + Level 14.4 Ice Magic
 + Level 8.0 Invocations
 - Level 4.2 Evocations


You had 6 spell levels left.
You knew the following spells:

 Your Spells              Type           Power        Failure   Level
a - Freeze                Ice            ####         0%          1
b - Frozen Ramparts       Ice            ######       1%          3
c - Ozocubu's Armour      Ice            ######..     1%          3
d - Hailstorm             Conj/Ice       #####...     1%          4
e - Summon Ice Beast      Ice/Summ       #####...     1%          4
f - Ozocubu's Refrigerat  Ice            ######....   1%          6

Your spell library contained the following spells:

 Spells                   Type           Power        Failure   Level
 Ensorcelled Hibernation  Hex/Ice        #####.       1%          2
 Ice Form                 Ice/Tmut       #####...     1%          4
 Animate Skeleton         Necr           #.....       3%          1
 Apportation              Tloc           #.....       3%          1
 Corona                   Hex            #......      3%          1
 Pain                     Necr           #...         3%          1
 Summon Small Mammal      Summ           #...         3%          1
 Poisonous Vapours        Pois/Air       #.....       6%          2
 Conjure Flame            Conj/Fire      #.......     11%         3
 Mephitic Cloud           Conj/Pois/Air  #.......     11%         3
 Vampiric Draining        Necr           #.........   11%         3
 Animate Dead             Necr           #.........   32%         4
 Freezing Cloud           Conj/Ice/Air   ####......   56%         6
 Agony                    Necr           #.......     65%         5
 Bolt of Magma            Conj/Fire/Erth #.........   65%         5
 Iskenderun's Battlesphe  Conj           #.......     65%         5
 Iron Shot                Conj/Erth      #.........   99%         6
 Orb of Destruction       Conj           #.........   100%        7
 Spellforged Servitor     Conj/Summ      #.........   100%        7


Dungeon Overview and Level Annotations

Branches:
Dungeon (10/15)            Temple (1/1) D:7            Lair (1/6) D:9
 Bailey (visited)         Gauntlet (visited)
    Orc: D:9-12

Altars:
Ashenzari
Cheibriados
Dithmenos
Elyvilon
Fedhas
Gozag
Hepliaklqana
Kikubaaqudgha
Makhleb
Nemelex Xobeh
Okawaru
Qazlal
Ru
Sif Muna
Trog
Uskayaw
Vehumet
Wu Jian
Xom
Yredelemnul
Zin
The Shining One

Annotations:
Lair:1 2 transporters, jiml777's ghost, journeyman DEAE


Innate Abilities, Weirdness & Mutations

You can breathe waves of freezing cold.
You can buffet flying creatures when you breathe cold.
Your icy white scales are hard. (AC +8)
You cannot fit into any form of body armour.
Your flesh is cold resistant. (rC+)
You are cold-blooded and may be slowed by cold attacks.


Message History

The elephant tramples you!!
* * * LOW HITPOINT WARNING * * *
You stumble backwards!
You hit the elephant but do no damage.
You tail-slap the elephant, but do no damage.
The elephant is severely wounded.
The elephant tramples you!
* * * LOW HITPOINT WARNING * * *
You hold your ground!
The elephant trunk-slaps you but does no damage.
You hit the elephant but do no damage.
The elephant looks as sick as possible!
The elephant is severely wounded.
The elephant tramples you!
* * * LOW HITPOINT WARNING * * *
You hold your ground!
The elephant trunk-slaps you but does no damage.
You hit the elephant.
The elephant looks as sick as possible!
The elephant is almost dead.
The elephant tramples you!
You die...

###...#####.yyyy#####...# ###
##...#..#############....####..#P
#.............©..................
#................................
........................†........
#.....................>.†....†...
#..<...............†.............
#................Y...............
#.....!.........@..............=.
##########..####†#.#.......######
### #####.......# #.......#
#.......# ........#


You could see an elephant (extremely poisoned).

Vanquished Creatures
  An orc warlord (Bailey)
  A minotaur (Gauntlet)
  A two-headed ogre (D:10)
  An unseen horror (D:10)
  An orc knight (Bailey)
  Joseph (D:10)
  Psyche (D:8)
  3 elephants (Lair:1)
  An apocalypse crab (Gauntlet)
  A kobold demonologist (D:10)
  Maggie (D:8)
  A komodo dragon (Lair:1)
  2 minotaur zombies (Gauntlet)
  A queen bee (D:10)
  A hornet (Lair:1)
  Prince Ribbit (D:6)
  5 yaks (D:9)
  A wraith (D:10)
  Sigmund (D:4)
  A basilisk (Lair:1)
  A yak (shapeshifter) (D:10)
  2 large abominations (Gauntlet)
  Duvessa (D:6)
  4 water moccasins
  4 small abominations (Gauntlet)
  4 orc warriors
  2 sky beasts
  2 black bears
  3 ice beasts
  4 ogres
  3 phantoms
  3 centaurs
  Blork the orc (D:4)
  A big kobold (D:9)
  A gnoll sergeant (D:7)
  5 bullfrogs
  Dowan (D:6)
  A water moccasin zombie (D:7)
  36 killer bees
  3 wights (D:9)
  3 hounds
  11 orc priests
  3 centaur skeletons
  A jelly (D:7)
  Crazy Yiuf (D:5)
  12 orc wizards
  3 iguanas
  9 worker ants
  A hound zombie (D:6)
  2 hound skeletons
  2 worker ant zombies
  Robin (D:2)
  13 adders
  6 gnolls
  A shadow imp (D:8)
  2 white imps
  2 oozes (D:3)
  2 adder zombies
  3 dart slugs
  8 leopard geckos
  28 orcs
  4 bats
  6 giant cockroaches
  16 goblins
  14 hobgoblins
  4 jackals (D:1)
  20 kobolds
  3 quokkas
  A ball python (D:3)
  3 frilled lizards
  A leopard gecko skeleton (D:4)
  5 rats
300 creatures vanquished.

Vanquished Creatures (collateral kills)
  Maurice (D:8)
  3 kobolds (Bailey)
4 creatures vanquished.

Vanquished Creatures (others)
  61 fungi
  144 plants
205 creatures vanquished.

Grand Total: 509 creatures vanquished

Notes
Turn   | Place    | Note
-------+----------+-------------------------------------------
     0 | D:1      | sahdkjhfkaj the Draconian Ice Elementalist began the quest
                  | for the Orb.
     0 | D:1      | Reached XP level 1. HP: 14/14 MP: 3/3
    58 | D:1      | Reached XP level 2. HP: 3/22 MP: 0/5
   400 | D:1      | Reached skill level 1 in Fighting
   779 | D:1      | Reached skill level 1 in Maces & Flails
  1011 | D:2      | Reached XP level 3. HP: 27/28 MP: 6/6
  1015 | D:2      | Learned a level 3 spell: Frozen Ramparts
  1441 | D:2      | Reached XP level 4. HP: 35/35 MP: 7/7
  1449 | D:2      | Found a bloodstained altar of Trog.
  1459 | D:2      | Learned a level 3 spell: Ozocubu's Armour
  1638 | D:2      | Noticed Robin
  1648 | D:2      | Killed Robin
  2080 | D:3      | Reached XP level 5. HP: 41/41 MP: 9/9
  2730 | D:3      | Found a faded altar of an unknown god.
  2981 | D:4      | Reached skill level 5 in Ice Magic
  2981 | D:4      | Reached XP level 6. HP: 36/50 MP: 11/11
  3237 | D:4      | Noticed a sky beast
  3249 | D:4      | Killed a sky beast
  3478 | D:4      | Your scales start taking on an icy white colour.
  3478 | D:4      | Reached skill level 6 in Ice Magic
  3478 | D:4      | Reached XP level 7. HP: 49/57 MP: 14/14
  3478 | D:4      | Gained mutation: Your flesh is cold resistant. (rC+) [White
                  | Draconian growth]
  3603 | D:4      | Found a burning altar of Makhleb.
  3605 | D:4      | Found a hazy altar of Hepliaklqana.
  3607 | D:4      | Found a sparkling altar of Nemelex Xobeh.
  3654 | D:4      | You fall into a shaft and drop 2 floors!
  3813 | D:6      | Reached skill level 5 in Spellcasting
  3953 | D:5      | Entered Level 5 of the Dungeon
  3953 | D:5      | Found a sacrificial altar of Ru.
  3956 | D:5      | Found a sacrificial altar of Ru.
  4287 | D:4      | Found a glowing golden altar of the Shining One.
  4413 | D:4      | Learned a level 4 spell: Hailstorm
  4418 | D:4      | Learned a level 4 spell: Summon Ice Beast
  4419 | D:5      | Noticed Sigmund
  4794 | D:4      | Reached XP level 8. HP: 24/66 MP: 15/15
  4888 | D:4      | Reached skill level 1 in Evocations
  4955 | D:5      | Noticed Blork the orc
  5070 | D:4      | Killed Blork the orc
  5503 | D:4      | Killed Sigmund
  5607 | D:5      | Reached skill level 1 in Shields
  5668 | D:5      | Found a basalt altar of Yredelemnul.
  5698 | D:5      | Found a runed translucent door.
  5699 | D:5      | Noticed Crazy Yiuf
  5986 | D:5      | Found a radiant altar of Vehumet.
  5987 | D:5      | Found an ancient bone altar of Kikubaaqudgha.
  5987 | D:5      | Found an iron altar of Okawaru.
  5987 | D:5      | Found a snail-covered altar of Cheibriados.
  5995 | D:5      | Found a broken altar of Ashenzari.
  5995 | D:5      | Found a white marble altar of Elyvilon.
  6219 | D:5      | Killed Crazy Yiuf
  6426 | D:6      | Noticed Duvessa
  6429 | D:6      | Noticed Dowan
  6442 | D:6      | Killed Duvessa
  6443 | D:6      | Reached skill level 5 in Fighting
  6457 | D:6      | Killed Dowan
  6546 | D:6      | Found a bloodstained altar of Trog.
  6592 | D:6      | Noticed Prince Ribbit
  6597 | D:6      | Killed Prince Ribbit
  6598 | D:6      | Reached XP level 9. HP: 75/75 MP: 16/16
  6923 | D:7      | Found a flagged portal.
  6950 | Bailey   | Entered a bailey
  6955 | Bailey   | Noticed an orc warlord
  6978 | Bailey   | Noticed an orc knight
  6991 | Bailey   | Killed an orc knight
  7053 | Bailey   | Found a runed translucent gate.
  7053 | Bailey   | Found a runed translucent gate.
  7053 | Bailey   | Found a runed translucent gate.
  7236 | Bailey   | Reached skill level 7 in Ice Magic
  7526 | Bailey   | HP: 4/81 [orc warlord/cursed -1 war axe (25)]
  7529 | Bailey   | Killed an orc warlord
  7530 | Bailey   | Reached skill level 10 in Ice Magic
  7530 | Bailey   | Reached XP level 10. HP: 7/88 MP: 3/17
  8232 | D:7      | Found a staircase to the Ecumenical Temple.
  8642 | Temple   | Entered the Ecumenical Temple
  9031 | D:4      | Became a worshipper of the Shining One
  9571 | D:8      | Noticed Maggie
  9578 | D:8      | Killed Maggie
  9685 | D:8      | Noticed Maurice
  9700 | D:8      | Killed Maurice
  9892 | D:8      | Noticed Psyche
  9902 | D:8      | Killed Psyche
 10073 | D:8      | Identified 2 scrolls of acquirement
 10075 | D:8      | Acquired the Handbook of the Frostbite
 10084 | D:8      | Learned a level 6 spell: Ozocubu's Refrigeration
 10171 | D:8      | Reached skill level 11 in Ice Magic
 10483 | D:9      | Reached * piety under the Shining One
 10849 | D:9      | Reached skill level 12 in Ice Magic
 11106 | D:9      | Found a staircase to the Lair.
 11167 | D:9      | Acquired an uncursed staff of cold
 11246 | D:9      | Found a glowing silver altar of Zin.
 11347 | D:9      | Fell from the grace of the Shining One
 11347 | D:9      | Became a worshipper of Zin the Law-Giver
 11347 | D:9      | Reached * piety under Zin
 11347 | D:9      | Reached ** piety under Zin
 11430 | D:9      | Reached skill level 1 in Invocations
 11430 | D:9      | Reached XP level 11. HP: 81/94 MP: 7/23
 11787 | D:10     | Entered Level 10 of the Dungeon
 12112 | D:10     | Killed an unseen horror
 12210 | D:10     | Noticed Joseph
 12214 | D:10     | Killed Joseph
 12359 | D:10     | Noticed a two-headed ogre
 12361 | D:10     | Killed a two-headed ogre
 12362 | D:10     | Reached skill level 13 in Ice Magic
 12485 | D:10     | Found a white marble altar of Elyvilon.
 12492 | D:10     | Reached *** piety under Zin
 12852 | D:10     | Reached skill level 5 in Invocations
 13328 | Lair:1   | Entered Level 1 of the Lair of Beasts
 13328 | Lair:1   | Found a gate leading to a gauntlet.
 13333 | Gauntlet | Entered a Gauntlet
 13333 | Gauntlet | Found a transporter.
 13341 | Gauntlet | Noticed a death scarab
 13342 | Gauntlet | Found a transporter.
 13346 | Gauntlet | Noticed a death scarab
 13358 | Gauntlet | Found a transporter.
 13362 | Gauntlet | Found a transporter.
 13364 | Gauntlet | Found a large runed translucent door.
 13365 | Gauntlet | Found a large runed translucent door.
 13366 | Gauntlet | Found a large runed translucent door.
 13366 | Gauntlet | Found a large runed translucent door.
 13366 | Gauntlet | Found a runed translucent door.
 13367 | Gauntlet | Found a large runed translucent door.
 13368 | Gauntlet | Found a large runed translucent door.
 13369 | Gauntlet | Found a large runed translucent door.
 13369 | Gauntlet | Found a large runed translucent door.
 13370 | Gauntlet | Found a runed translucent gate.
 13382 | Gauntlet | Found a transporter.
 13382 | Gauntlet | Found a runed translucent gate.
 13383 | Gauntlet | Found a runed translucent gate.
 13384 | Gauntlet | Found a large runed translucent door.
 13384 | Gauntlet | Found a large runed translucent door.
 13385 | Gauntlet | Found a large runed translucent door.
 13386 | Gauntlet | Found a large runed translucent door.
 13395 | Gauntlet | Found a transporter.
 13408 | Gauntlet | Found a transporter.
 13408 | Gauntlet | Noticed a death yak
 13409 | Gauntlet | Noticed a death yak
 13409 | Gauntlet | Noticed a death yak
 13427 | Gauntlet | Found a transporter.
 13432 | Gauntlet | Found a runed translucent door.
 13440 | Gauntlet | Found a transporter.
 13463 | Gauntlet | Found a transporter.
 13469 | Gauntlet | Found a transporter.
 13492 | Gauntlet | Found a transporter.
 13497 | Gauntlet | Found a large runed translucent door.
 13498 | Gauntlet | Found a large runed translucent door.
 13499 | Gauntlet | Found a large runed translucent door.
 13499 | Gauntlet | Found a large runed translucent door.
 13499 | Gauntlet | Found a runed translucent door.
 13716 | Gauntlet | Got a faintly glowing tin ring
 13770 | Gauntlet | Identified the ring "Ificoli" {Will+ EV+4} (You found it in
                  | a Gauntlet)
 13793 | Gauntlet | HP: 3/94 [large abomination (36)]
 13952 | Gauntlet | Noticed a minotaur
 13971 | Gauntlet | Killed a minotaur
 13972 | Gauntlet | Reached skill level 14 in Ice Magic
 14521 | Lair:1   | Noticed jiml777's ghost (journeyman DEAE)
 14528 | Lair:1   | Found a transporter.
 14532 | Lair:1   | Found a transporter.
 14860 | Lair:1   | Reached XP level 12. HP: 93/102 MP: 4/24
 14877 | Lair:1   | Slain by an elephant

Illustrated notes

Levels and vault maps discovered:
D:1:      minmay_arrival_doors, layout_rooms, grunt_decor_one_mirror,
          minmay_hedge_maze
D:2:      layout_basic, trog_butcher_becter, uniq_robin
D:3:      layout_basic, chequers_ecumenical_altar_grove
D:4:      layout_loops_ring, kennysheep_mini_moat,
          nicolae_overflow_hidden_temple, hangedman_decor_slide_cut
D:5:      layout_rooms, general_overflow_altar, minmay_overflow_temple_hex,
          basic_altar, nicolae_ru_sacrificial_ziggurat, uniq_crazy_yiuf_cottage,
          uniq_blork_the_orc, uniq_sigmund
D:6:      layout_basic, kennysheep_little_box, kennysheep_generic_room_4,
          uniq_prince_ribbit1, uniq_duvessa
D:7:      layout_basic, temple_fountains, enter_bailey_4
D:8:      layout_basic, serial_corexii_hall, chequers_hall_statues_wall_a,
          chequers_hall_statues_corner_a, uniq_maurice, uniq_psyche, uniq_maggie
D:9:      layout_cave_pools, kennysheep_mini, due_lair_maze_entry_diamond
D:10:     layout_gridville, basic_altar, special_room [special_room_bee],
          uniq_joseph
Temple:   compressed_dpeg_triangle_lava_temple
Lair:1:   minmay_lair_venomous_thicket, layout_big_grid, gammafunk_ghost_hive,
          gauntlet_entry_generic, st_stairs_7, serial_bayou_shore_a

Skill      XL: |  1  2  3  4  5  6  7  8  9 10 11 12 |
---------------+-------------------------------------+-----
Stealth        | 2 |  2.0
Fighting       | 1 2 3 4 6 8 |  8.2
Maces & Flails | 1 2 |  2.0
Spellcasting   | 3 4 5 8 |  8.1
Ice Magic      | 5 6 10 12 14 | 14.4
Dodging        | 4 |  4.1
Evocations     | 4 |  4.2
Shields        | 4 |  4.0
Invocations    | 1 7 8 |  8.0

Action                   |  1- 3 |  4- 6 |  7- 9 | 10-12 || total
-------------------------+-------+-------+-------+-------++-------
Melee: Unarmed           |    26 |       |       |       ||    26
       Tailslap          |     6 |    11 |    19 |    27 ||    63
       Whip              |    41 |    91 |   179 |   229 ||   540
       Staff             |       |       |       |     9 ||     9
 Cast: Freeze            |    17 |       |     4 |     2 ||    23
       Frozen Ramparts   |     1 |    12 |    20 |    12 ||    45
       Ozocubu's Armour  |       |     2 |     3 |     2 ||     7
       Hailstorm         |       |       |     5 |    16 ||    21
       Summon Ice Beast  |       |       |    10 |     4 ||    14
       Ozocubu's Refrige |       |       |       |    84 ||    84
Invok: Recite            |       |       |       |     1 ||     1
 Abil: Breathe Frost     |       |       |    21 |    11 ||    32
  Use: Scroll            |     1 |     5 |     8 |    12 ||    26
       Potion            |       |     1 |     3 |     3 ||     7
 Stab: Sleeping          |     1 |     5 |       |       ||     6
       Distracted        |       |       |     1 |       ||     1
Armor: Skin              |    21 |    37 |    97 |    55 ||   210
Dodge: Dodged            |    60 |    65 |   180 |   182 ||   487
Block: Buckler           |       |       |    39 |    59 ||    98

Table legend: (Time is in decaauts)
 A = Elapsed time spent in this place.
 B = Non-inter-level travel time spent in this place.
 C = Inter-level travel time spent in this place.
 D = Time resting spent in this place.
 E = Time spent auto-exploring this place.
 F = Levels seen in this place.
 G = Mean time per level.
                   A        B        C        D        E       F      G
               +--------+--------+--------+--------+--------+-----+--------+
         Total |  14894 |  14286 |    608 |   3185 |   8646 |  14 | 1063.9 |
       Dungeon |  12132 |  11539 |    593 |   1837 |   7869 |  10 | 1213.2 |
        Temple |    292 |    278 |     14 |      0 |    269 |   1 |  292.0 |
          Lair |    375 |    375 |      0 |    139 |    175 |   1 |  375.0 |
        Bailey |    938 |    938 |      0 |    564 |    167 |   1 |  938.0 |
      Gauntlet |   1154 |   1154 |      0 |    644 |    166 |   1 | 1154.0 |
               +--------+--------+--------+--------+--------+-----+--------+

Top non-repeatable levels by time:
     D:4: 2372 daAuts
    D:10: 1530 daAuts
     D:8: 1367 daAuts
     D:9: 1280 daAuts
Gauntlet: 1154 daAuts
     D:3: 987 daAuts
     D:1: 986 daAuts
     D:6: 973 daAuts
  Bailey: 938 daAuts
     D:5: 924 daAuts
     D:2: 855 daAuts
     D:7: 854 daAuts
  Lair:1: 375 daAuts
  Temple: 292 daAuts
